 Dungeon Crawl Stone Soup version 0.21.1 (webtiles) character file.

227 PheasantPlucker the Chucker (level 6, 0/61 HPs)
             Began as an Ogre Hunter on Feb 4, 2018.
             Succumbed to an adder's poison
             ... on level 3 of the Dungeon.
             The game lasted 00:20:34 (2507 turns).

PheasantPlucker the Chucker (Ogre Hunter)           Turns: 2507, Time: 00:20:35

Health: 0/61       AC:  3    Str: 14 (17) XL:     6   Next: 2%
Magic:  6/6        EV: 10    Int: 14 (15) God:
Gold:   92         SH:  0    Dex:  9 (11) Spells: 5/5 levels left

rFire    . . .     SeeInvis .   n - +0 giant spiked club
rCold    . . .     Gourm    .   (shield currently unavailable)
rNeg     . . .     Faith    .   b - +0 robe
rPois    .         Spirit   .   (helmet restricted)
rElec    .         Reflect  .   (no cloak)
rCorr    .         Harm     .   (gloves unavailable)
MR       .....                  (boots unavailable)
Stlth    +.........             (no amulet)
HPRegen  0.20/turn              h - +3 ring of intelligence
MPRegen  0.10/turn              (no ring)

@: lethally poisoned (0 -> -14)
A: large, unfitting armour, tough skin 1
a: no special abilities


You were on level 3 of the Dungeon.
You were not hungry.

You visited 1 branch of the dungeon, and saw 3 of its levels.

You collected 92 gold pieces.

Inventory:

Hand Weapons
 a - a +0 short sword
 n - a +0 giant spiked club (weapon)
 o - a +2 quarterstaff of chaos
Missiles
 c - 5 large rocks
 d - 2 throwing nets
 i - 97 stones (quivered)
 k - 42 sling bullets
Armour
 b - a +0 robe (worn)
 s - a +0 cloak
Jewellery
 h - a +3 ring of intelligence (left hand)
Scrolls
 e - 7 scrolls of identify {unknown}
 g - a scroll of amnesia {unknown}
 j - 3 scrolls of teleportation {unknown}
 l - 2 scrolls of blinking {unknown}
 m - a scroll of noise {unknown}
 p - a scroll of fog {unknown}
 q - a scroll of random uselessness {unknown}
Comestibles
 f - 8 rations


   Skills:
 + Level 3.4 Fighting
 + Level 1.3 Maces & Flails
 + Level 6.1 Throwing
 + Level 2.2 Dodging
 + Level 1.4 Stealth


You had 5 spell levels left.
You didn't know any spells.

Dungeon Overview and Level Annotations

Branches:
Dungeon (3/15)

Altars:
Uskayaw
Vehumet


Innate Abilities, Weirdness & Mutations

You are too large for most types of armour.
You have tough skin. (AC +1)


Message History

You feel very sick. The adder closely misses you. The adder barely misses you.
The adder closely misses you.
You closely miss the adder.
* * * LOW HITPOINT WARNING * * *
You feel sick. The adder barely misses you. The adder closely misses you.
You closely miss the adder.
* * * LOW HITPOINT WARNING * * *
You feel very sick. The adder closely misses you. The adder bites you.
* * * LOW HITPOINT WARNING * * *
You are more poisoned.
The adder poisons you! The adder barely misses you.
You barely miss the adder.
* * * LOW HITPOINT WARNING * * *
You feel sick. The adder bites you.
* * * LOW HITPOINT WARNING * * *
The adder barely misses you.
You closely miss the adder.
You die...

#.#......†...#
#.#.#.#.####.# #.#.#.#.#
#.# #########
#.#.#.#.####.#
........###>............
..........#.............
........#.#.#.........##
.......S#.#.####..###.
.......@........... #.
..........######..# ##
..........# ..........#
#..#(. ..........# #....
. ########... ..... ..
#.### #... ... #.# #..#
#### #.# #..#


You could see an adder.

Vanquished Creatures
  An ogre (D:2)
  A crimson imp (D:3)
  Crazy Yiuf (D:2)
  An adder (D:3)
  An ooze (D:1)
  3 worms
  3 dart slugs
  A leopard gecko (D:1)
  2 ball pythons
  2 giant cockroaches (D:2)
  4 goblins
  8 hobgoblins
  7 jackals
  2 quokkas
  3 bats
  2 frilled lizards (D:1)
  4 kobolds
  8 rats
54 creatures vanquished.

Notes
Turn   | Place    | Note
-------+----------+-------------------------------------------
     0 | D:1      | PheasantPlucker the Ogre Hunter began the quest for the Orb.
     0 | D:1      | Reached XP level 1. HP: 22/22 MP: 1/1
   105 | D:1      | Reached XP level 2. HP: 29/29 MP: 2/2
   579 | D:1      | Reached XP level 3. HP: 36/36 MP: 3/3
  1117 | D:2      | Noticed an ogre
  1123 | D:2      | Killed an ogre
  1123 | D:2      | Reached skill level 5 in Throwing
  1123 | D:2      | Reached skill level 1 in Stealth
  1123 | D:2      | Reached XP level 4. HP: 45/45 MP: 4/4
  1150 | D:2      | Reached XP level 5. HP: 46/53 MP: 5/5
  1286 | D:2      | Found a hide-covered altar of Uskayaw.
  1305 | D:2      | Found a radiant altar of Vehumet.
  1603 | D:2      | Found a runed door.
  1827 | D:2      | Noticed Crazy Yiuf
  1830 | D:2      | Killed Crazy Yiuf
  2267 | D:3      | Reached skill level 1 in Maces & Flails
  2267 | D:3      | Reached skill level 6 in Throwing
  2376 | D:3      | Reached XP level 6. HP: 43/61 MP: 6/6
  2506 | D:3      | HP: 3/61 [adder (1)]
  2507 | D:3      | Succumbed to an adder's poison

Skill      XL: |  1  2  3  4  5 |
---------------+----------------+-----
Fighting       | 3 |  3.4
Throwing       | 5 6 |  6.1
Dodging        | 2 |  2.2
Stealth        | 1 |  1.4
Maces & Flails | 1 |  1.3

Action                   |  1- 3 |  4- 6 || total
-------------------------+-------+-------++-------
Melee: Short sword       |    56 |       ||    56
       Giant spiked club |       |    71 ||    71
Throw: Large rock        |     4 |     3 ||     7
       Stone             |    44 |   113 ||   157
  Use: Potion            |     1 |     2 ||     3
 Stab: Sleeping          |     1 |       ||     1
  Eat: Chunk             |       |     5 ||     5
Armor: Robe              |    20 |    24 ||    44
Dodge: Dodged            |    25 |    61 ||    86
